 Dungeon Crawl Stone Soup version 0.19.0 (webtiles) character file.

548 PhynixH2O the Skirmisher (level 7, -5/59 HPs)
             Began as a Formicid Fighter on Nov 1, 2016.
             Killed by nerve-wracking pain
             ... invoked by Menkaure
              (12 damage)
             ... on level 4 of the Dungeon.
             The game lasted 00:13:31 (3517 turns).

PhynixH2O the Skirmisher (Formicid Fighter)         Turns: 3517, Time: 00:13:31

Health: -5/59      AC: 11    Str: 26    XL:     7   Next: 54%
Magic:  7/7        EV:  8    Int:  9    God:
Gold:   205        SH: 10    Dex: 12    Spells: 0 memorised, 6 levels left

rFire  . . .     SeeInvis +     a - +0 long sword
rCold  . . .     Gourm    .     b - +0 scale mail
rNeg   . . .     Faith    .     c - +0 shield
rPois  .         Spirit   .     (helmet unavailable)
rElec  .         Reflect  .     (no cloak)
rCorr  .         Harm     .     (no gloves)
MR     .....                    p - +0 pair of boots
Stlth  ..........               (no amulet)
                                t - +2 ring of intelligence
                                r - +3 ring of protection

@: mighty
A: permanent stasis, dig shafts and tunnels, four strong arms, antennae 3
a: Dig, Shaft Self


You were on level 4 of the Dungeon.
You were not hungry.

You visited 1 branch of the dungeon, and saw 5 of its levels.

You collected 205 gold pieces.

Inventory:

Hand Weapons
 a - a +0 long sword (weapon)
Armour
 b - a +0 scale mail (worn)
 c - a +0 shield (worn)
 p - a +0 pair of boots (worn)
Jewellery
 r - a +3 ring of protection (left hand)
 t - a +2 ring of intelligence (right hand)
Scrolls
 h - a scroll of magic mapping {unknown}
 i - 3 scrolls of remove curse {unknown}
 j - 3 scrolls of amnesia {unknown}
 k - a scroll of enchant weapon {unknown}
 l - 5 scrolls of identify {unknown}
 o - 2 scrolls of teleportation {unknown}
 v - a scroll of blinking {unknown}
Potions
 e - a potion of curing {unknown}
 g - a potion of lignification {unknown}
 n - a potion of invisibility {unknown}
 s - 2 potions of cure mutation {unknown}
 w - a potion of agility {unknown}
 x - a potion of ambrosia {unknown}
Comestibles
 f - 2 bread rations
 m - a meat ration
 q - 7 fruits
 u - 5 chunks of flesh


   Skills:
 + Level 6.9 Fighting
 - Level 5.4 Long Blades
 - Level 3.2 Armour
 - Level 3.6 Shields


You had 6 spell levels left.
You didn't know any spells.

Dungeon Overview and Level Annotations

Branches:
Dungeon (5/15)
 Temple: D:4-7

Altars:
Yredelemnul

Shops:
D:4 }%

Annotations:
D:4 Menkaure


Innate Abilities, Weirdness & Mutations

You are under a permanent stasis effect.
You can dig through walls and to a lower floor.
Your four strong arms can wield two-handed weapons with a shield.
You have a pair of large antennae on your head. (SInv)


Message History

Some of the chunks of flesh in your inventory have rotted away.
There is a stone staircase leading down here.
Okay, then.
You feel very mighty all of a sudden.
Menkaure casts a spell.
You closely miss Menkaure.
Menkaure is moderately damaged.
Menkaure barely misses you.
You riposte.
You slash Menkaure!
Menkaure is severely damaged.
You slash Menkaure!
Menkaure is almost destroyed.
Menkaure barely misses you.
You hit Menkaure but do no damage.
Menkaure is almost destroyed.
Menkaure gestures wildly while chanting. x2
You barely miss Menkaure.
Menkaure is almost destroyed.
Menkaure casts a spell at you. Pain shoots through your body!
You die...

##### ############# #...##
............# ##..#..#
###..######.# ##..###.# #..#
#.# ##..####.## ###..####
#.#####.........#
#..)....###.##.#..#####.#.#
#.#.........#..M..# #...####
................@.# ###..#...#
......#)###.#...#.###........#
#.##..#...............########
#.##..#####.[#.##......######
#..#..# #....##########...#
##.#..#####.#.'## #._.#
##.#........#...## ####...####
......######.....##
#8.#####.8## ##.#.##
##.......## #..........#


You could see Menkaure.

Vanquished Creatures
  Blork the orc (D:4)
  A crimson imp (D:5)
  2 hounds
  An orc wizard (D:5)
  3 orc priests
  A bullfrog skeleton (D:5)
  2 iguanas (D:4)
  A human skeleton (D:4)
  A worker ant (D:4)
  A howler monkey skeleton (D:4)
  5 adders
  An adder zombie (D:3)
  An adder skeleton (D:4)
  A worm (D:3)
  2 dart slugs (D:1)
  3 leopard geckos
  12 orcs
  3 giant cockroaches
  3 goblins
  4 hobgoblins
  2 jackals (D:3)
  3 kobolds (D:3)
  2 ball pythons
  5 bats
  5 frilled lizards
  A goblin skeleton (D:4)
  A kobold zombie (D:4)
  10 rats
78 creatures vanquished.

Vanquished Creatures (others)
  An orc priest (D:4)
  2 orc wizards (D:4)
  A howler monkey skeleton (D:4)
  An adder (D:4)
  A worm (D:4)
6 creatures vanquished.

Grand Total: 84 creatures vanquished

Notes
Turn   | Place    | Note
-------+----------+-------------------------------------------
     0 | D:1      | PhynixH2O the Formicid Fighter began the quest for the Orb.
     0 | D:1      | Reached XP level 1. HP: 18/18 MP: 1/1
    76 | D:1      | Reached XP level 2. HP: 25/25 MP: 2/2
   208 | D:1      | Reached skill level 4 in Fighting
   417 | D:2      | Reached XP level 3. HP: 12/30 MP: 3/3
   945 | D:3      | Reached XP level 4. HP: 38/38 MP: 4/4
  1072 | D:3      | Reached skill level 5 in Fighting
  1423 | D:3      | Reached XP level 5. HP: 37/44 MP: 5/5
  2066 | D:4      | Reached XP level 6. HP: 34/51 MP: 6/6
  2285 | D:4      | Noticed an ogre
  2557 | D:4      | Found Eshroj's Gadget Emporium.
  2580 | D:4      | Noticed Blork the orc
  2593 | D:4      | Killed Blork the orc
  2593 | D:4      | Reached skill level 5 in Long Blades
  2665 | D:4      | Found Veonil's Food Shoppe.
  2694 | D:4      | Found a runed door.
  2694 | D:4      | Noticed a human
  2715 | D:4      | Found a basalt altar of Yredelemnul.
  3046 | D:4      | Reached XP level 7. HP: 40/57 MP: 7/7
  3257 | D:5      | Entered Level 5 of the Dungeon
  3280 | D:5      | Reached skill level 6 in Fighting
  3492 | D:5      | Noticed Menkaure
  3517 | D:4      | Killed from afar by Menkaure

Skill      XL: |  1  2  3  4  5  6  7 |
---------------+----------------------+-----
Fighting       | 4 5 6 |  6.9
Long Blades    | 3 4 5 |  5.4
Armour         | |  3.2
Shields        | |  3.6

Action                   |  1- 3 |  4- 6 |  7- 9 || total
-------------------------+-------+-------+-------++-------
Melee: Long sword        |   108 |   198 |    52 ||   358
  Use: Potion            |       |       |     1 ||     1
  Eat: Chunk             |       |     7 |     2 ||     9
Armor: Scale mail        |    66 |    82 |    28 ||   176
Dodge: Dodged            |    26 |    55 |     9 ||    90
Block: Shield            |    66 |    83 |    17 ||   166
       Rpst.: Long sword |     6 |    21 |     4 ||    31
